 Dungeon Crawl Stone Soup version 0.30.1-9-gdf580d7c3d (webtiles) character file.

Game seed: 4530942843867909878

912 Anriel the Shooter (level 7, 0/41 HPs)
             Began as a Deep Elf Hunter on Oct 20, 2023.
             Slain by a vampire mosquito (6 damage)
             ... on level 5 of the Dungeon.
             The game lasted 00:22:35 (3987 turns).

Anriel the Shooter (Deep Elf Hunter)                Turns: 3987, Time: 00:22:35

Health: 0/41       AC:  6    Str:  8    XL:     7   Next: 82%
Magic:  16/16      EV: 13    Int: 14    God:
Gold:   264        SH:  0    Dex: 20    Spells: 14/16 levels left

rFire   . . .        a - +1 shortbow
rCold   . . .        (shield currently unavailable)
rNeg    + . .        k - +0 troll leather armour {Pargi}
rPois   .            (no helmet)
rElec   .            (no cloak)
rCorr   .            (no gloves)
SInv    .            g - +1 pair of boots
Will    .....        (no amulet)
Stlth   ++           s - ring of positive energy
HPRegen 1.06/turn    (no ring)
MPRegen 0.15/turn

%: no passive effects
@: hasted, very quick
A: no striking features
a: no special abilities


You were on level 5 of the Dungeon.
You visited 2 branches of the dungeon, and saw 6 of its levels.
You also visited: Sewer.

You collected 324 gold pieces.
You spent 60 gold pieces at shops.

Inventory:

Hand Weapons
 a - a +1 shortbow (weapon)
Armour
 g - a +1 pair of boots (worn)
 k - a +0 troll leather armour (worn) {Pargi}
Jewellery
 s - a ring of positive energy (left hand)
Wands
 l - a wand of flame (14)
Scrolls
 b - 2 scrolls of immolation
 c - 2 scrolls of magic mapping
 e - 2 scrolls of enchant weapon
 m - a scroll of teleportation
 n - a scroll of fear
 q - a scroll of blinking {unknown}
 r - a scroll of identify
Potions
 h - a potion of resistance
 i - a potion of might
 j - a potion of flight
 o - 3 potions of curing
 p - a potion of brilliance


   Skills:
 + Level 3.4 Fighting
 - Level 7.0 Ranged Weapons
 * Level 4.1 Armour
 + Level 3.2 Dodging
 - Level 3.2 Stealth
 - Level 5.0 Spellcasting


You had 14 spell levels left.
You knew the following spells:

 Your Spells              Type           Power      Damage    Failure   Level
a - Blink                 Tloc           6%         N/A       34%         2

Your spell library contained the following spells:

 Spells                   Type           Power      Damage    Failure   Level
 Freeze                   Ice            12%        1d3       24%         1
 Lesser Beckoning         Tloc           6%         N/A       34%         2
 Momentum Strike          Conj/Tloc      6%         3d8       34%         2
 Dazzling Flash           Conj/Hex       6%         N/A       56%         3
 Frozen Ramparts          Ice            6%         1d1       56%         3
 Hailstorm                Conj/Ice       3%         3d3       56%         3
 Volatile Blastmotes      Fire/Tloc      6%         2d10      56%         3
 Iskenderun's Mystic Bla  Conj/Tloc      3%         2d3       93%         4
 Starburst                Conj/Fire      1%         6d3       100%        6


Dungeon Overview and Level Annotations

Branches:
Dungeon (5/15)             Temple (1/1) D:4           Sewer (visited)

Altars:
Cheibriados
Dithmenos
Elyvilon
Fedhas
Gozag
Nemelex Xobeh
Qazlal
Sif Muna
Trog
Uskayaw
Vehumet
Wu Jian
Yredelemnul

Shops:
D:1 !


Message History

The centaur closely misses you.
The centaur kicks you but does no damage.
Unknown command.
You shoot an arrow.
The arrow hits the centaur but does no damage.
The centaur is almost dead.
The centaur misses you. The centaur barely misses you.
You shoot an arrow. The arrow hits the centaur!
You kill the centaur!
The vampire mosquito misses you.
Your Armour skill increases to level 4!
The vampire mosquito closely misses you.
You shoot an arrow.
The arrow hits the vampire mosquito but does no damage.
The vampire mosquito barely misses you. The vampire mosquito bites you.
The vampire mosquito draws strength from your injuries!
You shoot an arrow. The arrow hits the vampire mosquito.
The vampire mosquito is lightly damaged.
The vampire mosquito bites you! The vampire mosquito barely misses you.
The vampire mosquito bites you but does no damage.
You shoot an arrow. The arrow misses the vampire mosquito.
The arrow hits the orc.
You kill the orc!
The vampire mosquito bites you.
The vampire mosquito draws strength from your injuries!
The vampire mosquito barely misses you.
You shoot an arrow.
The arrow closely misses the vampire mosquito.
The vampire mosquito bites you!
* * * LOW HITPOINT WARNING * * *
The vampire mosquito draws strength from your injuries!
The vampire mosquito bites you.
* * * LOW HITPOINT WARNING * * *
You can't see any enemies this would affect, really read the scroll of fear?
Okay, then.
You feel yourself speed up. The vampire mosquito bites you.
* * * LOW HITPOINT WARNING * * *
The vampire mosquito draws strength from your injuries!
The vampire mosquito bites you.
You die...

## #..# .l. #.#...#.#.
#..#.... ....l #.#...#.#.
#..#....# .......#.#.#.#.#.
#.....#..yS.g.#.#.#...#.
#...^#....l..#.#.#.#.#. #.
....##...:o##.#.#.#... #..
#.. #.#.#.#...
#..#####)#########.#.#.#.#.
#.......)y@........#...#.#.
#.################## ###.##
#... ..##
#..########################
#............:....#........
#.###############.#.#######
#.# #...# #.# ##### #.#


You could see a vampire mosquito.

Vanquished Creatures
  A water moccasin (D:5)
  Pargi (Sewer)
  A centaur (D:5)
  A phantom (D:5)
  A scorpion (D:5)
  3 jellies (D:5)
  An orc priest (D:5)
  A gnoll bouda (D:5)
  A hound (D:5)
  3 iguanas (D:5)
  Natasha (thrice) (D:4)
  A gnoll (D:5)
  7 adders
  A white imp (D:5)
  2 ufetubi (D:5)
  A worm (D:3)
  A dart slug (D:4)
  11 orcs
  4 ball pythons
  7 endoplasms
  4 giant cockroaches
  5 hobgoblins
  3 jackals (D:1)
  2 quokkas
  12 bats
  5 frilled lizards
  5 goblins
  A kobold (D:4)
  7 rats
96 creatures vanquished.

Notes
Turn   | Place    | Note
-------+----------+-------------------------------------------
     0 | D:1      | Anriel the Deep Elf Hunter began the quest for the Orb.
     0 | D:1      | Reached XP level 1. HP: 12/12 MP: 3/3
   224 | D:1      | Found Ziotuzut's Distillery.
   273 | D:1      | Reached XP level 2. HP: 17/17 MP: 4/4
   787 | D:1      | Bought a potion of heal wounds for 60 gold pieces
   939 | D:2      | Reached XP level 3. HP: 22/22 MP: 5/5
  1172 | D:2      | Learned a level 2 spell: Blink
  1288 | D:3      | Found a glowing drain.
  1321 | Sewer    | Entered a sewer
  1347 | Sewer    | Noticed Pargi
  1372 | Sewer    | Killed Pargi
  1373 | Sewer    | Reached XP level 4. HP: 28/28 MP: 5/9
  1373 | Sewer    | Reached XP level 5. HP: 32/32 MP: 5/10
  2109 | D:4      | Reached skill level 1 in Armour
  2451 | D:4      | Found an opulent altar of Gozag.
  2497 | D:4      | Found a staircase to the Ecumenical Temple.
  2501 | Temple   | Entered the Ecumenical Temple
  2750 | D:4      | Noticed Natasha
  2758 | D:4      | Killed Natasha
  2818 | D:4      | Noticed Natasha
  2822 | D:4      | Killed Natasha
  2823 | D:4      | Reached XP level 6. HP: 32/37 MP: 12/12
  3051 | D:4      | Noticed Natasha
  3056 | D:4      | Killed Natasha
  3119 | D:5      | Entered Level 5 of the Dungeon
  3243 | D:5      | Reached skill level 6 in Ranged Weapons
  3515 | D:5      | Reached XP level 7. HP: 41/41 MP: 15/15
  3524 | D:5      | Found a sparkling altar of Nemelex Xobeh.
  3601 | D:5      | Found a snail-covered altar of Cheibriados.
  3811 | D:5      | Noticed a vampire mosquito
  3868 | D:5      | Reached skill level 7 in Ranged Weapons
  3918 | D:5      | Reached skill level 5 in Spellcasting
  3987 | D:5      | Slain by a vampire mosquito

Illustrated notes

Levels and vault maps discovered:
D:1:      minmay_arrival_four_loops, layout_basic, serial_shops, shop
D:2:      layout_rooms
D:3:      layout_basic, portal_sewer_entry_a
D:4:      layout_layer_cave, grunt_gozag_breadcrumbs, temple_hall_moat,
          hangedman_abyss_or_decor_stabs, kennysheep_nub, uniq_natasha
D:5:      minmay_opposing_rooms, layout_basic, cheibriados_altar_1,
          mainiacjoe_overflow_brackets
Temple:   cyrus_temple_forest

Skill      XL: |  1  2  3  4  5  6  7 |
---------------+----------------------+-----
Fighting       | 2 3 |  3.4
Stealth        | 2 3 |  3.2
Dodging        | 3 |  3.2
Spellcasting   | 2 3 4 5 |  5.0
Armour         | 1 2 4 |  4.1
Ranged Weapons | 6 7 |  7.0

Action                     |  1- 3 |  4- 6 |  7- 9 || total
---------------------------+-------+-------+-------++-------
   Fire: Shortbow          |   113 |   105 |    96 ||   314
    Use: Scroll            |     8 |     8 |       ||    16
         Potion            |     2 |       |     3 ||     5
 Armour: Leather armour    |    17 |       |       ||    17
         Troll leather arm |       |    11 |    15 ||    26
  Dodge: Dodged            |    34 |    24 |    60 ||   118
